 Dungeon Crawl Stone Soup version 0.21-a0-404-g291f19a (webtiles) character file.

99 ohad the Chopper (level 4, -4/33 HPs)
             Began as a Demonspawn Gladiator on Oct 29, 2017.
             Slain by Sigmund
             ... wielding a +0 scythe
              (8 damage)
             ... on level 2 of the Dungeon.
             The game lasted 00:02:53 (1497 turns).

ohad the Chopper (Demonspawn Gladiator)             Turns: 1497, Time: 00:02:54

Health: -4/33      AC:  7    Str: 15    XL:     4   Next: 45%
Magic:  4/4        EV: 10    Int: 10    God:
Gold:   84         SH:  0    Dex: 14    Spells: 3/3 levels left

rFire    . . .     SeeInvis .   a - +0 war axe
rCold    . . .     Gourm    .   (no shield)
rNeg     . . .     Faith    .   i - +0 scale mail
rPois    .         Spirit   .   c - +0 helmet
rElec    .         Reflect  .   (no cloak)
rCorr    .         Harm     .   (no gloves)
MR       .....                  (no boots)
Stlth    ..........             (no amulet)
HPRegen  0.11/turn              (no ring)
MPRegen  0.09/turn              (no ring)

@: no status effects
A: powered by death 1, spiny 2
a: no special abilities


You were on level 2 of the Dungeon.
You were not hungry.

You visited 1 branch of the dungeon, and saw 2 of its levels.

You collected 84 gold pieces.

Inventory:

Hand Weapons
 a - a +0 war axe (weapon)
 m - a +0 flail of protection
 n - a +2 antimagic dagger
Missiles
 d - 2 throwing nets (quivered)
 q - 9 poisoned needles
 s - 27 bolts
Armour
 b - a +0 leather armour
 c - a +0 helmet (worn)
 i - a +0 scale mail (worn)
Scrolls
 g - a scroll of identify {unknown}
 k - a scroll of random uselessness {unknown}
 o - a scroll of teleportation {unknown}
Potions
 e - a potion of might {unknown}
 h - a potion of heal wounds {unknown}
 l - a potion of agility {unknown}
 r - a potion of curing {unknown}
Comestibles
 f - 2 bread rations
 j - 4 fruits
 p - a meat ration


   Skills:
 - Level 2.0 Fighting
 + Level 4.1 Axes
 - Level 1.7 Throwing
 - Level 2.1 Armour
 - Level 2.6 Dodging


You had 3 spell levels left.
You didn't know any spells.

Dungeon Overview and Level Annotations

Branches:
Dungeon (2/15)

Altars:

Annotations:
D:2 Sigmund


Innate Abilities, Weirdness & Mutations

You regenerate a little health from kills.
You are mostly covered in sharp spines.


Message History

You hit something. Something hits you.
You bump into the rock wall.
Something hits you!
You bump into the rock wall.
You slash something!
You hear some strange, mumbled words.
You are more confused.
You bump into the rock wall.
Something hits you but does no damage.
You bump into the rock wall.
Something hits you but does no damage.
You bump into the rock wall.
You barely miss something. Something hits you.
You bump into the rock wall.
Something hits you but does no damage.
You closely miss something.
You feel less confused.
You hear some strange, mumbled words.
A puff of flame appears from out of thin air!
The puff of flame hits you!
* * * LOW HITPOINT WARNING * * *
Okay, then.
You miss something. Something hits you!
You die...

...........
.#.#.#.#.#.#
.............
##.#.#.#.#.#.
###............
..#.#.#.#.#.#.
##...........#
#####.###.#.#.#.#.##
#..@{.....(...†....#
#.###.###.#.#.#.#.#.
#.# #.##.###.####>..
#.# #........# #....
#.# ####.##### ##...
#.# #.# ##.#
#.######.# #.#
#.>......# #.#
########## #.#


There were no monsters in sight!

Vanquished Creatures
  Terence (D:2)
  2 adders (D:2)
  An ooze (D:2)
  A worm (D:2)
  4 dart slugs (D:1)
  2 leopard geckos
  2 giant cockroaches (D:1)
  5 hobgoblins (D:1)
  6 bats
  4 frilled lizards
  7 goblins
  4 kobolds
  5 rats
44 creatures vanquished.

Notes
Turn   | Place    | Note
-------+----------+-------------------------------------------
     0 | D:1      | ohad the Demonspawn Gladiator began the quest for the Orb.
     0 | D:1      | Reached XP level 1. HP: 16/16 MP: 1/1
    62 | D:1      | Reached skill level 3 in Axes
   225 | D:1      | Gained mutation: You regenerate a little health from kills. [demonic ancestry]
   225 | D:1      | Reached XP level 2. HP: 22/22 MP: 2/2
   557 | D:1      | Reached skill level 1 in Armour
   557 | D:1      | Gained mutation: You are partially covered in sharp spines. [demonic ancestry]
   557 | D:1      | Reached XP level 3. HP: 26/27 MP: 3/3
  1165 | D:2      | Noticed Terence
  1190 | D:2      | Killed Terence
  1364 | D:2      | Gained mutation: You are mostly covered in sharp spines. [demonic ancestry]
  1364 | D:2      | Reached XP level 4. HP: 33/33 MP: 4/4
  1454 | D:2      | Reached skill level 4 in Axes
  1482 | D:2      | Noticed Sigmund
  1497 | D:2      | Slain by Sigmund

Vault maps used:
D:1:      dpeg_arrival_leaves_temple_mockup
D:2:      amethyst_overflow_temple_binary, st_stairs_11, uniq_natasha,
          uniq_terence, uniq_sigmund

Skill      XL: |  1  2  3  4 |
---------------+-------------+-----
Axes           | 3 4 |  4.1
Armour         | 1 2 |  2.1
Fighting       | |  2.0
Throwing       | |  1.7
Dodging        | |  2.6

Action                   |  1- 3 |  4- 6 || total
-------------------------+-------+-------++-------
Melee: War axe           |   116 |    22 ||   138
Throw: Throwing net      |       |     1 ||     1
  Eat: Chunk             |     2 |       ||     2
Armor: Leather armour    |    18 |       ||    18
       Scale mail        |    38 |    10 ||    48
Dodge: Dodged            |    62 |    10 ||    72

Table legend:
 A = Spawn XP
 B = Non-spawn XP
 C = Spawn XP percentage of total XP
 D = Spawn monster count
 E = Non-spawn monster count
 F = Spawn count percentage of total count
 G = Total turns spent on level
                    A         B        C        D         E        F      G
               +---------+---------+-------+---------+---------+-------+---------
         Total |       0 |     142 |   0.0 |       0 |      44 |   0.0 |  1497
               +---------+---------+-------+---------+---------+-------+---------
           D:1 |       0 |      53 |   0.0 |       0 |      29 |   0.0 |  1108
           D:2 |       0 |      89 |   0.0 |       0 |      15 |   0.0 |   389
               +---------+---------+-------+---------+---------+-------+---------
